3250 views
Uploaded 2020-04-03 22:52:52
Game version 1.32.3
26:24 long 4on4 ladder game on (8)GolemsInTheMist_LV
Saved by BEARAND
3250 views
Uploaded 2020-04-03 22:52:52
Game version 1.32.3
26:24 long 4on4 ladder game on (8)GolemsInTheMist_LV


104 units @ 10.1k
/ 1.1k
238 buildings @ 14.5k
/ 7.5k



| Lesser Clarity Potion | 1 | 70 |
| Staff of Sanctuary | 3 | 750 |
| Boots of Speed | 3 | 750 |
| Staff of Teleportation | 3 | 450 |
| Healing Salve | 4 | 400 |
| Orb of Lightning | 3 | 1125 |
| total: | 17 | 3545g |
| Peasant | 13 | 975 | / | 0 |
| Priest | 1 | 135 | / | 10 |
| Siege Engine | 8 | 1560 | / | 480 |
| Flying Machine | 3 | 300 | / | 90 |
| total: | 25 | 2970g | / | 580w |
| Scout Tower | 30 | 900 | / | 600 |
| Arcane Tower | 4 | 280 | / | 200 |
| Guard Tower | 10 | 700 | / | 500 |
| Altar of Kings | 1 | 180 | / | 50 |
| Farm | 26 | 2080 | / | 520 |
| Lumber Mill | 1 | 120 | / | 0 |
| Arcane Vault | 2 | 260 | / | 60 |
| Blacksmith | 1 | 140 | / | 60 |
| Arcane Sanctum | 1 | 150 | / | 140 |
| Workshop | 5 | 700 | / | 700 |
| Keep | 1 | 320 | / | 210 |
| Castle | 1 | 360 | / | 210 |
| total: | 67 | 4530g | / | 2130w |
| 0:02 | Peasant |
| 0:02 | Peasant |
| 0:09 | Altar of Kings |
| 0:18 | Farm |
| 0:31 | Peasant |
| 0:39 | Peasant |
| 0:48 | Lumber Mill |
| 0:49 | Peasant |
| 1:05 | Peasant |
| 1:14 | Farm |
| 1:17 | Scout Tower |
| 1:22 | Scout Tower |
| 1:23 | Scout Tower |
| 1:31 | Peasant |
| 1:41 | Scout Tower |
| 1:42 | Scout Tower |
| 1:52 | Peasant |
| 1:59 | Arcane Tower |
| 2:09 | Blizzard |
| 2:14 | Scout Tower |
| 2:15 | Scout Tower |
| 2:20 | Guard Tower |
| 2:26 | Arcane Tower |
| 2:27 | Peasant |
| 2:27 | Peasant |
| 2:28 | Peasant |
| 2:28 | Peasant |
| 2:32 | Scout Tower |
| 3:04 | Guard Tower |
| 3:06 | Scout Tower |
| 3:07 | Scout Tower |
| 3:35 | Guard Tower |
| 3:37 | Guard Tower |
| 3:40 | Peasant |
| 4:03 | Healing Salve |
| 4:03 | Lesser Clarity Potion |
| 4:20 | Boots of Speed |
| 4:20 | Staff of Teleportation |
| 4:23 | Brilliance Aura |
| 4:49 | Keep |
| 5:13 | Farm |
| 5:14 | Farm |
| 5:18 | Scout Tower |
| 5:18 | Scout Tower |
| 5:19 | Scout Tower |
| 5:19 | Scout Tower |
| 5:19 | Scout Tower |
| 5:20 | Scout Tower |
| 5:47 | Improved Masonry |
| 5:49 | Guard Tower |
| 5:50 | Guard Tower |
| 5:54 | Healing Salve |
| 6:08 | Scout Tower |
| 6:09 | Scout Tower |
| 6:10 | Scout Tower |
| 6:11 | Scout Tower |
| 6:13 | Scout Tower |
| 6:14 | Scout Tower |
| 6:15 | Scout Tower |
| 7:39 | Guard Tower |
| 7:47 | Arcane Sanctum |
| 7:53 | Healing Salve |
| 8:10 | Advanced Masonry |
| 8:28 | Storm Bolt |
| 8:43 | Orb of Lightning |
| 8:43 | Orb of Lightning |
| 9:32 | Blizzard |
| 9:52 | Boots of Speed |
| 9:55 | Staff of Teleportation |
| 10:01 | Guard Tower |
| 10:03 | Magic Sentry |
| 10:05 | Arcane Tower |
| 10:54 | Castle |
| 10:57 | Arcane Vault |
| 11:04 | Arcane Vault |
| 11:31 | Bash |
| 11:49 | Priest |
| 11:52 | Improved Lumber Harvesting |
| 13:39 | Scout Tower |
| 13:40 | Scout Tower |
| 13:40 | Scout Tower |
| 13:43 | Staff of Sanctuary |
| 13:48 | Staff of Sanctuary |
| 13:52 | Imbued Masonry |
| 14:40 | Holy Light |
| 15:04 | Healing Salve |
| 15:05 | Orb of Lightning |
| 15:22 | Guard Tower |
| 15:24 | Scout Tower |
| 15:24 | Scout Tower |
| 15:25 | Scout Tower |
| 15:25 | Scout Tower |
| 15:50 | Storm Bolt |
| 16:10 | Brilliance Aura |
| 16:39 | Boots of Speed |
| 16:39 | Staff of Teleportation |
| 16:48 | Staff of Sanctuary |
| 17:12 | Blacksmith |
| 18:17 | Divine Shield |
| 18:50 | Workshop |
| 18:50 | Workshop |
| 18:51 | Workshop |
| 18:51 | Workshop |
| 18:52 | Workshop |
| 18:54 | Farm |
| 18:54 | Farm |
| 18:54 | Farm |
| 18:54 | Farm |
| 18:54 | Farm |
| 18:55 | Farm |
| 18:55 | Farm |
| 18:55 | Farm |
| 18:56 | Farm |
| 18:56 | Farm |
| 18:59 | Black Gunpowder |
| 20:00 | Bash |
| 20:15 | Siege Engine |
| 20:17 | Siege Engine |
| 20:21 | Farm |
| 20:22 | Farm |
| 20:23 | Farm |
| 20:23 | Farm |
| 20:51 | Farm |
| 20:51 | Farm |
| 20:51 | Farm |
| 20:53 | Farm |
| 20:53 | Farm |
| 20:57 | Siege Engine |
| 20:59 | Siege Engine |
| 20:59 | Siege Engine |
| 21:00 | Siege Engine |
| 21:00 | Siege Engine |
| 21:01 | Siege Engine |
| 21:07 | Refined Gunpowder |
| 21:23 | Farm |
| 21:23 | Farm |
| 21:23 | Farm |
| 21:28 | Flying Machine |
| 21:28 | Flying Machine |
| 21:28 | Flying Machine |
| 21:29 | Flying Machine Bombs |
| 22:52 | Holy Light |
| 23:44 | Blizzard |
| Right click | 2196 |
| Select | 690 |
| Select group | 372 |
| Build/train/purchase | 190 |
| Chat | 164 |
| Use ability | 92 |
| Misc. action | 21 |
| Assign group | 13 |
| Item give/drop | 7 |
| Minimap ping | 5 |
| Remove unit | 4 |
| Resource trade | 4 |
| Esc | 1 |
⇛
TIMG4STRok
(26:21) : 

| Healing Salve | 3 | 300 |
| Lesser Clarity Potion | 2 | 140 |
| Scroll of Speed | 1 | 50 |
| Orb of Lightning | 2 | 750 |
| Circlet of Nobility | 1 | 175 |
| Boots of Speed | 3 | 750 |
| Staff of Teleportation | 1 | 150 |
| Staff of Sanctuary | 1 | 250 |
| total: | 14 | 2565g |
| Peon | 12 | 900 | / | 0 |
| Troll Batrider | 7 | 1120 | / | 280 |
| Goblin Shredder | 1 | 375 | / | 100 |
| total: | 20 | 2395g | / | 380w |
| Watch Tower | 12 | 1320 | / | 960 |
| Altar of Storms | 1 | 180 | / | 50 |
| Orc Burrow | 3 | 480 | / | 120 |
| Voodoo Lounge | 3 | 390 | / | 90 |
| War Mill | 1 | 205 | / | 0 |
| Great Hall | 1 | 385 | / | 185 |
| Beastiary | 2 | 290 | / | 280 |
| Stronghold | 1 | 315 | / | 190 |
| Fortress | 1 | 325 | / | 190 |
| total: | 23 | 3250g | / | 1685w |
| 0:03 | Peon |
| 0:03 | Peon |
| 0:05 | Altar of Storms |
| 0:07 | Orc Burrow |
| 0:19 | Peon |
| 0:37 | Peon |
| 0:46 | Peon |
| 1:00 | Peon |
| 1:15 | Peon |
| 1:16 | Peon |
| 1:32 | Voodoo Lounge |
| 1:36 | Peon |
| 1:38 | Peon |
| 2:04 | Wind Walk |
| 2:37 | Stronghold |
| 3:40 | Voodoo Lounge |
| 3:47 | War Mill |
| 4:00 | Orc Burrow |
| 4:05 | Healing Salve |
| 4:05 | Lesser Clarity Potion |
| 4:23 | Scroll of Speed |
| 5:08 | Voodoo Lounge |
| 5:10 | Fortress |
| 5:18 | Reinforced Defenses |
| 5:19 | Spiked Barricades |
| 5:43 | Goblin Shredder |
| 6:08 | Hex |
| 6:29 | Critical Strike |
| 6:43 | Beastiary |
| 6:45 | Beastiary |
| 7:12 | Watch Tower |
| 7:14 | Watch Tower |
| 7:45 | Peon |
| 7:57 | Watch Tower |
| 7:58 | Watch Tower |
| 8:02 | Orb of Lightning |
| 8:06 | Healing Salve |
| 8:06 | Lesser Clarity Potion |
| 9:06 | Peon |
| 9:17 | Orc Burrow |
| 10:14 | Healing Wave |
| 10:45 | Great Hall |
| 10:50 | Troll Batrider |
| 10:50 | Troll Batrider |
| 10:56 | Watch Tower |
| 10:57 | Watch Tower |
| 10:58 | Watch Tower |
| 11:25 | Watch Tower |
| 11:30 | Improved Spiked Barricades |
| 11:41 | Circlet of Nobility |
| 11:42 | Boots of Speed |
| 11:47 | Orb of Lightning |
| 11:57 | Troll Batrider |
| 11:57 | Liquid Fire |
| 12:44 | Wind Walk |
| 12:55 | Watch Tower |
| 12:55 | Watch Tower |
| 12:56 | Watch Tower |
| 12:57 | Watch Tower |
| 13:09 | Boots of Speed |
| 13:10 | Staff of Teleportation |
| 13:29 | Boots of Speed |
| 13:53 | Troll Batrider |
| 14:22 | Troll Batrider |
| 15:04 | Troll Batrider |
| 15:04 | Troll Batrider |
| 15:22 | Staff of Sanctuary |
| 16:19 | Healing Salve |
| 16:54 | Healing Wave |
| 17:15 | Steel Ranged Weapons |
| 18:23 | Critical Strike |
| 19:05 | Thorium Ranged Weapons |
| 19:05 | Steel Armor |
| 20:23 | Arcanite Ranged Weapons |
| 20:25 | Thorium Armor |
| 20:28 | Serpent Ward |
| 24:01 | Wind Walk |
| Right click | 1638 |
| Select group | 1098 |
| Chat | 218 |
| Select | 208 |
| Build/train/purchase | 85 |
| Resource trade | 56 |
| Use ability | 53 |
| Misc. action | 51 |
| Minimap ping | 50 |
| Assign group | 18 |
| Item give/drop | 5 |
| Remove unit | 1 |



| Staff of Teleportation | 3 | 450 |
| Boots of Speed | 2 | 500 |
| Circlet of Nobility | 2 | 350 |
| Periapt of Vitality | 1 | 325 |
| Healing Salve | 1 | 100 |
| total: | 9 | 1725g |
| Peasant | 32 | 2400 | / | 0 |
| Goblin Shredder | 1 | 375 | / | 100 |
| total: | 33 | 2775g | / | 100w |
| Scout Tower | 84 | 2520 | / | 1680 |
| Arcane Tower | 1 | 70 | / | 50 |
| Guard Tower | 45 | 3150 | / | 2250 |
| Altar of Kings | 1 | 180 | / | 50 |
| Farm | 4 | 320 | / | 80 |
| Lumber Mill | 1 | 120 | / | 0 |
| Town Hall | 1 | 385 | / | 205 |
| Keep | 1 | 320 | / | 210 |
| Castle | 1 | 360 | / | 210 |
| total: | 91 | 3525g | / | 2015w |
| 0:01 | Peasant |
| 0:05 | Altar of Kings |
| 0:16 | Peasant |
| 0:18 | Farm |
| 0:30 | Peasant |
| 0:36 | Peasant |
| 0:44 | Lumber Mill |
| 0:47 | Peasant |
| 1:02 | Peasant |
| 1:17 | Peasant |
| 1:34 | Scout Tower |
| 1:36 | Scout Tower |
| 1:40 | Scout Tower |
| 1:41 | Scout Tower |
| 1:42 | Peasant |
| 2:04 | Arcane Tower |
| 2:04 | Guard Tower |
| 2:11 | Blizzard |
| 2:32 | Guard Tower |
| 2:36 | Scout Tower |
| 2:38 | Scout Tower |
| 2:45 | Farm |
| 3:18 | Guard Tower |
| 3:20 | Scout Tower |
| 3:20 | Scout Tower |
| 3:21 | Scout Tower |
| 3:35 | Scout Tower |
| 3:36 | Scout Tower |
| 3:39 | Peasant |
| 3:39 | Peasant |
| 3:51 | Guard Tower |
| 4:11 | Scout Tower |
| 4:11 | Scout Tower |
| 4:17 | Guard Tower |
| 4:31 | Peasant |
| 4:31 | Peasant |
| 4:42 | Guard Tower |
| 4:45 | Peasant |
| 4:53 | Scout Tower |
| 4:53 | Scout Tower |
| 4:54 | Scout Tower |
| 5:03 | Improved Masonry |
| 5:08 | Guard Tower |
| 5:19 | Guard Tower |
| 5:24 | Guard Tower |
| 5:32 | Staff of Teleportation |
| 5:55 | Guard Tower |
| 5:57 | Scout Tower |
| 5:59 | Scout Tower |
| 6:05 | Scout Tower |
| 6:06 | Scout Tower |
| 6:07 | Scout Tower |
| 6:08 | Scout Tower |
| 6:10 | Peasant |
| 6:27 | Guard Tower |
| 6:30 | Guard Tower |
| 6:37 | Scout Tower |
| 7:10 | Guard Tower |
| 7:12 | Scout Tower |
| 7:12 | Scout Tower |
| 7:13 | Scout Tower |
| 7:13 | Scout Tower |
| 7:39 | Guard Tower |
| 7:42 | Scout Tower |
| 7:43 | Keep |
| 7:44 | Scout Tower |
| 7:45 | Scout Tower |
| 7:55 | Healing Salve |
| 7:58 | Guard Tower |
| 8:10 | Guard Tower |
| 8:16 | Scout Tower |
| 8:17 | Scout Tower |
| 8:17 | Scout Tower |
| 8:18 | Scout Tower |
| 8:20 | Guard Tower |
| 8:29 | Guard Tower |
| 8:36 | Guard Tower |
| 8:41 | Guard Tower |
| 8:47 | Guard Tower |
| 9:15 | Guard Tower |
| 9:29 | Brilliance Aura |
| 10:08 | Peasant |
| 10:08 | Peasant |
| 10:33 | Peasant |
| 10:37 | Scout Tower |
| 10:38 | Scout Tower |
| 10:39 | Scout Tower |
| 10:39 | Scout Tower |
| 10:41 | Peasant |
| 10:47 | Scout Tower |
| 10:48 | Scout Tower |
| 10:52 | Advanced Masonry |
| 10:55 | Peasant |
| 11:50 | Guard Tower |
| 11:51 | Peasant |
| 11:59 | Guard Tower |
| 12:48 | Blizzard |
| 12:59 | Peasant |
| 13:00 | Peasant |
| 13:12 | Peasant |
| 13:12 | Peasant |
| 13:12 | Peasant |
| 13:33 | Farm |
| 13:37 | Town Hall |
| 13:47 | Farm |
| 13:53 | Scout Tower |
| 13:54 | Scout Tower |
| 13:55 | Scout Tower |
| 13:56 | Scout Tower |
| 14:03 | Peasant |
| 14:11 | Goblin Shredder |
| 14:24 | Scout Tower |
| 14:25 | Scout Tower |
| 14:26 | Scout Tower |
| 14:27 | Scout Tower |
| 14:27 | Scout Tower |
| 14:28 | Scout Tower |
| 14:30 | Peasant |
| 14:31 | Peasant |
| 14:37 | Guard Tower |
| 15:53 | Guard Tower |
| 15:55 | Scout Tower |
| 15:56 | Scout Tower |
| 15:56 | Scout Tower |
| 15:57 | Scout Tower |
| 16:00 | Guard Tower |
| 16:09 | Peasant |
| 16:09 | Peasant |
| 16:58 | Castle |
| 17:01 | Storm Bolt |
| 17:07 | Brilliance Aura |
| 17:14 | Guard Tower |
| 17:16 | Scout Tower |
| 17:17 | Scout Tower |
| 17:19 | Scout Tower |
| 17:20 | Scout Tower |
| 17:21 | Scout Tower |
| 17:48 | Staff of Teleportation |
| 17:51 | Boots of Speed |
| 17:53 | Circlet of Nobility |
| 18:53 | Guard Tower |
| 18:54 | Scout Tower |
| 18:55 | Scout Tower |
| 18:55 | Scout Tower |
| 18:56 | Scout Tower |
| 18:58 | Peasant |
| 19:00 | Peasant |
| 19:33 | Guard Tower |
| 19:34 | Scout Tower |
| 19:34 | Scout Tower |
| 19:35 | Scout Tower |
| 19:35 | Scout Tower |
| 19:37 | Scout Tower |
| 19:39 | Scout Tower |
| 19:39 | Scout Tower |
| 19:40 | Scout Tower |
| 19:46 | Bash |
| 20:18 | Guard Tower |
| 20:24 | Scout Tower |
| 20:25 | Scout Tower |
| 20:25 | Scout Tower |
| 20:26 | Scout Tower |
| 20:45 | Guard Tower |
| 20:49 | Scout Tower |
| 20:51 | Scout Tower |
| 20:52 | Scout Tower |
| 20:53 | Scout Tower |
| 20:57 | Guard Tower |
| 21:10 | Holy Light |
| 21:16 | Guard Tower |
| 21:40 | Staff of Teleportation |
| 21:41 | Boots of Speed |
| 21:42 | Circlet of Nobility |
| 21:42 | Periapt of Vitality |
| 22:00 | Guard Tower |
| 22:36 | Scout Tower |
| 22:38 | Scout Tower |
| 22:38 | Scout Tower |
| 22:40 | Scout Tower |
| 24:16 | Blizzard |
| 24:20 | Divine Shield |
| 24:22 | Storm Bolt |
| 25:38 | Guard Tower |
| 25:40 | Scout Tower |
| Right click | 1057 |
| Select | 590 |
| Build/train/purchase | 232 |
| Select group | 207 |
| Assign group | 142 |
| Use ability | 53 |
| Misc. action | 43 |
| Minimap ping | 12 |
| Resource trade | 11 |
| Chat | 11 |
⇛
iggythefisk
(26:21) : 


| Lesser Clarity Potion | 1 | 70 |
| Boots of Speed | 3 | 750 |
| Staff of Teleportation | 3 | 450 |
| Healing Salve | 1 | 100 |
| Scroll of Speed | 1 | 50 |
| total: | 9 | 1420g |
| Peasant | 26 | 1950 | / | 0 |
| total: | 26 | 1950g | / | 0w |
| Scout Tower | 44 | 1320 | / | 880 |
| Arcane Tower | 4 | 280 | / | 200 |
| Guard Tower | 38 | 2660 | / | 1900 |
| Altar of Kings | 1 | 180 | / | 50 |
| Lumber Mill | 2 | 240 | / | 0 |
| Farm | 3 | 240 | / | 60 |
| Arcane Vault | 2 | 260 | / | 60 |
| Town Hall | 1 | 385 | / | 205 |
| Barracks | 1 | 160 | / | 60 |
| Blacksmith | 1 | 140 | / | 60 |
| Arcane Sanctum | 1 | 150 | / | 140 |
| Gryphon Aviary | 1 | 140 | / | 150 |
| Keep | 2 | 640 | / | 420 |
| Castle | 1 | 360 | / | 210 |
| total: | 57 | 3215g | / | 1665w |
| 0:05 | Peasant |
| 0:07 | Altar of Kings |
| 0:12 | Peasant |
| 0:19 | Lumber Mill |
| 0:24 | Lumber Mill |
| 0:26 | Farm |
| 0:29 | Peasant |
| 0:37 | Peasant |
| 1:04 | Scout Tower |
| 1:07 | Peasant |
| 1:11 | Farm |
| 1:16 | Peasant |
| 1:25 | Scout Tower |
| 1:30 | Peasant |
| 1:44 | Scout Tower |
| 1:46 | Peasant |
| 1:55 | Peasant |
| 1:58 | Scout Tower |
| 2:00 | Arcane Tower |
| 2:07 | Peasant |
| 2:09 | Blizzard |
| 2:14 | Guard Tower |
| 2:19 | Scout Tower |
| 2:22 | Peasant |
| 2:27 | Scout Tower |
| 2:36 | Guard Tower |
| 2:51 | Guard Tower |
| 2:52 | Scout Tower |
| 2:54 | Guard Tower |
| 3:14 | Peasant |
| 3:18 | Guard Tower |
| 3:41 | Peasant |
| 3:41 | Peasant |
| 3:50 | Peasant |
| 4:25 | Scout Tower |
| 4:26 | Scout Tower |
| 4:33 | Scout Tower |
| 4:36 | Peasant |
| 4:36 | Peasant |
| 4:41 | Arcane Vault |
| 4:43 | Scout Tower |
| 4:44 | Scout Tower |
| 4:46 | Scout Tower |
| 4:46 | Scout Tower |
| 4:49 | Arcane Vault |
| 4:51 | Peasant |
| 4:58 | Guard Tower |
| 4:59 | Scout Tower |
| 5:04 | Scout Tower |
| 5:05 | Scout Tower |
| 5:12 | Guard Tower |
| 5:16 | Guard Tower |
| 5:17 | Scout Tower |
| 5:23 | Guard Tower |
| 5:37 | Guard Tower |
| 5:53 | Town Hall |
| 5:55 | Guard Tower |
| 5:59 | Scout Tower |
| 6:00 | Scout Tower |
| 6:01 | Scout Tower |
| 6:01 | Scout Tower |
| 6:05 | Arcane Tower |
| 6:07 | Scout Tower |
| 6:08 | Scout Tower |
| 6:11 | Healing Salve |
| 6:11 | Lesser Clarity Potion |
| 6:13 | Scroll of Speed |
| 6:17 | Scout Tower |
| 6:18 | Scout Tower |
| 6:22 | Improved Masonry |
| 6:37 | Arcane Tower |
| 6:38 | Guard Tower |
| 6:43 | Arcane Tower |
| 6:51 | Scout Tower |
| 6:51 | Scout Tower |
| 7:18 | Guard Tower |
| 7:19 | Guard Tower |
| 7:29 | Guard Tower |
| 7:34 | Guard Tower |
| 7:45 | Peasant |
| 7:51 | Peasant |
| 7:54 | Guard Tower |
| 8:04 | Peasant |
| 8:05 | Guard Tower |
| 8:08 | Scout Tower |
| 8:08 | Scout Tower |
| 8:13 | Scout Tower |
| 8:13 | Guard Tower |
| 8:17 | Brilliance Aura |
| 8:42 | Keep |
| 8:58 | Guard Tower |
| 9:00 | Scout Tower |
| 9:04 | Guard Tower |
| 9:05 | Scout Tower |
| 9:09 | Peasant |
| 9:09 | Peasant |
| 9:16 | Farm |
| 9:31 | Scout Tower |
| 9:34 | Scout Tower |
| 9:43 | Guard Tower |
| 10:01 | Guard Tower |
| 10:03 | Peasant |
| 10:09 | Boots of Speed |
| 10:10 | Staff of Teleportation |
| 10:40 | Scout Tower |
| 10:42 | Scout Tower |
| 10:48 | Guard Tower |
| 10:51 | Scout Tower |
| 10:54 | Scout Tower |
| 10:55 | Guard Tower |
| 11:31 | Castle |
| 11:32 | Advanced Masonry |
| 11:32 | Improved Lumber Harvesting |
| 11:37 | Arcane Sanctum |
| 11:43 | Guard Tower |
| 11:46 | Guard Tower |
| 11:47 | Scout Tower |
| 11:50 | Guard Tower |
| 12:38 | Storm Bolt |
| 12:46 | Guard Tower |
| 12:48 | Gryphon Aviary |
| 12:50 | Guard Tower |
| 12:53 | Peasant |
| 12:53 | Peasant |
| 13:00 | Boots of Speed |
| 13:00 | Staff of Teleportation |
| 13:46 | Scout Tower |
| 14:00 | Imbued Masonry |
| 14:00 | Advanced Lumber Harvesting |
| 14:04 | Magic Sentry |
| 14:05 | Priest Adept Training |
| 14:18 | Guard Tower |
| 14:23 | Scout Tower |
| 14:24 | Scout Tower |
| 14:26 | Scout Tower |
| 14:31 | Barracks |
| 14:32 | Blacksmith |
| 15:01 | Holy Light |
| 15:03 | Blizzard |
| 15:35 | Boots of Speed |
| 15:35 | Staff of Teleportation |
| 15:48 | Bash |
| 15:51 | Guard Tower |
| 16:11 | Guard Tower |
| 17:15 | Iron Forged Swords |
| 17:15 | Studded Leather Armor |
| 18:06 | Divine Shield |
| 18:38 | Animal War Training |
| 18:44 | Storm Bolt |
| 19:53 | Brilliance Aura |
| 21:48 | Holy Light |
| 21:48 | Divine Shield |
| 25:45 | Blizzard |
| Right click | 1113 |
| Select group | 645 |
| Assign group | 424 |
| Chat | 364 |
| Select | 335 |
| Build/train/purchase | 160 |
| Use ability | 93 |
| Resource trade | 47 |
| Misc. action | 39 |
| Minimap ping | 3 |
| Item give/drop | 2 |
| Remove unit | 1 |
162 units @ 22.4k
/ 2.9k
86 buildings @ 14.2k
/ 5.4k

| Wisp | 19 | 1140 | / | 0 |
| Archer | 9 | 1170 | / | 90 |
| Hippogryph | 3 | 480 | / | 60 |
| Mountain Giant | 1 | 350 | / | 100 |
| Goblin Shredder | 1 | 375 | / | 100 |
| Goblin Zeppelin | 1 | 240 | / | 60 |
| total: | 34 | 3755g | / | 410w |
| Ancient Protector | 1 | 135 | / | 80 |
| Altar of Elders | 2 | 360 | / | 100 |
| Moon Well | 6 | 1080 | / | 240 |
| Ancient of War | 1 | 150 | / | 60 |
| Ancient of Wonders | 1 | 90 | / | 30 |
| Hunter's Hall | 1 | 210 | / | 100 |
| Tree of Life | 2 | 680 | / | 370 |
| Ancient of Wind | 2 | 300 | / | 280 |
| Ancient of Lore | 2 | 310 | / | 290 |
| Tree of Ages | 1 | 320 | / | 180 |
| Tree of Eternity | 1 | 330 | / | 200 |
| total: | 18 | 3315g | / | 1550w |
| 0:03 | Wisp |
| 0:04 | Wisp |
| 0:09 | Altar of Elders |
| 0:11 | Moon Well |
| 0:16 | Altar of Elders |
| 0:24 | Ancient of War |
| 0:33 | Wisp |
| 0:47 | Wisp |
| 1:02 | Wisp |
| 1:12 | Wisp |
| 1:24 | Wisp |
| 1:28 | Moon Well |
| 1:43 | Archer |
| 2:15 | Archer |
| 2:22 | Wisp |
| 2:47 | Entangling Roots |
| 2:57 | Ancient of Wonders |
| 2:58 | Moon Well |
| 3:00 | Moon Well |
| 3:36 | Wisp |
| 3:36 | Wisp |
| 3:36 | Wisp |
| 3:52 | Hunter's Hall |
| 4:01 | Wisp |
| 4:42 | Tree of Ages |
| 5:08 | Archer |
| 5:08 | Archer |
| 5:41 | Ancient Protector |
| 5:42 | Strength of the Moon |
| 6:38 | Archer |
| 6:38 | Archer |
| 7:08 | Ancient of Wind |
| 7:10 | Ancient of Wind |
| 7:11 | Wisp |
| 7:11 | Wisp |
| 7:55 | Force of Nature |
| 8:01 | Goblin Shredder |
| 8:01 | Goblin Zeppelin |
| 8:57 | Archer |
| 8:57 | Archer |
| 8:57 | Archer |
| 9:01 | Hippogryph |
| 9:28 | Tree of Life |
| 9:35 | Hippogryph |
| 9:53 | Tree of Life |
| 10:08 | Improved Strength of the Moon |
| 10:14 | Moon Well |
| 10:49 | Entangling Roots |
| 11:14 | Hippogryph |
| 11:24 | Moon Well |
| 12:59 | Ancient of Lore |
| 13:01 | Ancient of Lore |
| 13:04 | Wisp |
| 13:05 | Wisp |
| 13:11 | Wisp |
| 13:11 | Wisp |
| 13:11 | Wisp |
| 13:40 | Strength of the Wild |
| 13:48 | Tree of Eternity |
| 14:28 | Mountain Giant |
| Right click | 541 |
| Chat | 352 |
| Select | 294 |
| Build/train/purchase | 48 |
| Use ability | 26 |
| Minimap ping | 5 |
| Remove unit | 2 |

| Wisp | 18 | 1080 | / | 0 |
| Archer | 8 | 1040 | / | 80 |
| Huntress | 7 | 1365 | / | 140 |
| Glaive Thrower | 6 | 1260 | / | 390 |
| total: | 39 | 4745g | / | 610w |
| Ancient Protector | 4 | 540 | / | 320 |
| Altar of Elders | 1 | 180 | / | 50 |
| Moon Well | 7 | 1260 | / | 280 |
| Ancient of War | 2 | 300 | / | 120 |
| Hunter's Hall | 1 | 210 | / | 100 |
| Tree of Ages | 1 | 320 | / | 180 |
| total: | 15 | 2490g | / | 870w |
| 0:05 | Altar of Elders |
| 0:06 | Wisp |
| 0:06 | Wisp |
| 0:06 | Wisp |
| 0:07 | Wisp |
| 0:22 | Moon Well |
| 1:12 | Wisp |
| 1:26 | Ancient of War |
| 1:31 | Wisp |
| 1:57 | Wisp |
| 2:02 | Moon Well |
| 2:16 | Force of Nature |
| 2:28 | Archer |
| 2:29 | Archer |
| 2:29 | Archer |
| 2:32 | Wisp |
| 2:32 | Wisp |
| 2:59 | Moon Well |
| 3:39 | Archer |
| 3:39 | Archer |
| 3:53 | Wisp |
| 3:53 | Wisp |
| 3:53 | Wisp |
| 3:54 | Wisp |
| 4:43 | Hunter's Hall |
| 4:45 | Wisp |
| 4:55 | Archer |
| 4:55 | Archer |
| 5:00 | Moon Well |
| 5:02 | Archer |
| 5:35 | Wisp |
| 5:35 | Wisp |
| 6:00 | Ancient Protector |
| 6:02 | Huntress |
| 6:03 | Glaive Thrower |
| 6:03 | Glaive Thrower |
| 6:58 | Glaive Thrower |
| 6:59 | Glaive Thrower |
| 7:07 | Ancient Protector |
| 7:11 | Ancient Protector |
| 7:45 | Ancient of War |
| 7:53 | Wisp |
| 7:53 | Wisp |
| 8:12 | Huntress |
| 8:12 | Huntress |
| 8:34 | Huntress |
| 8:45 | Tree of Ages |
| 8:55 | Huntress |
| 9:54 | Huntress |
| 9:54 | Huntress |
| 10:20 | Entangling Roots |
| 10:36 | Glaive Thrower |
| 10:58 | Moon Well |
| 11:20 | Moon Well |
| 11:51 | Moon Well |
| 11:56 | Strength of the Moon |
| 11:57 | Moon Armor |
| 13:02 | Ancient Protector |
| 13:17 | Vorpal Blades |
| 13:40 | Glaive Thrower |
| Right click | 441 |
| Select | 259 |
| Chat | 172 |
| Assign group | 57 |
| Build/train/purchase | 46 |
| Misc. action | 35 |
| Select group | 25 |
| Use ability | 11 |
| Remove unit | 3 |
| Minimap ping | 2 |

| Orb of Corruption | 1 | 375 |
| Potion of Healing | 1 | 150 |
| total: | 2 | 525g |
| Acolyte | 7 | 525 | / | 0 |
| Ghoul | 17 | 2040 | / | 0 |
| Meat Wagon | 4 | 920 | / | 200 |
| Necromancer | 5 | 725 | / | 100 |
| Crypt Fiend | 1 | 215 | / | 40 |
| Goblin Zeppelin | 2 | 480 | / | 120 |
| total: | 36 | 4905g | / | 460w |
| Nerubian Tower | 1 | 100 | / | 20 |
| Crypt | 3 | 600 | / | 150 |
| Ziggurat | 9 | 1350 | / | 450 |
| Altar of Darkness | 1 | 180 | / | 50 |
| Tomb of Relics | 1 | 130 | / | 30 |
| Graveyard | 1 | 215 | / | 0 |
| Slaughterhouse | 1 | 140 | / | 135 |
| Temple of the Damned | 2 | 310 | / | 280 |
| Halls of the Dead | 2 | 640 | / | 420 |
| Black Citadel | 1 | 325 | / | 230 |
| total: | 18 | 2925g | / | 1095w |
| 0:05 | Acolyte |
| 0:05 | Acolyte |
| 0:14 | Crypt |
| 0:23 | Ziggurat |
| 0:26 | Ziggurat |
| 0:41 | Altar of Darkness |
| 1:03 | Crypt |
| 1:09 | Ziggurat |
| 1:20 | Tomb of Relics |
| 1:22 | Ghoul |
| 1:38 | Ghoul |
| 2:00 | Ghoul |
| 2:16 | Ghoul |
| 2:30 | Ghoul |
| 2:42 | Halls of the Dead |
| 2:52 | Frost Nova |
| 3:06 | Nerubian Tower |
| 3:35 | Ghoul |
| 3:52 | Ghoul |
| 4:01 | Graveyard |
| 4:15 | Ziggurat |
| 4:45 | Frost Armor |
| 4:50 | Ghoul |
| 4:50 | Ghoul |
| 5:13 | Ghoul |
| 5:16 | Black Citadel |
| 6:00 | Ghoul |
| 6:21 | Slaughterhouse |
| 6:23 | Temple of the Damned |
| 7:22 | Goblin Zeppelin |
| 7:40 | Meat Wagon |
| 7:42 | Necromancer |
| 7:42 | Necromancer Adept Training |
| 7:51 | Acolyte |
| 7:51 | Acolyte |
| 7:51 | Acolyte |
| 7:51 | Acolyte |
| 7:52 | Acolyte |
| 8:10 | Frost Nova |
| 8:30 | Ziggurat |
| 9:54 | Frost Armor |
| 10:15 | Meat Wagon |
| 10:16 | Necromancer |
| 10:16 | Necromancer Master Training |
| 10:43 | Meat Wagon |
| 10:54 | Temple of the Damned |
| 11:06 | Goblin Zeppelin |
| 11:10 | Ghoul |
| 11:11 | Ghoul |
| 11:18 | Orb of Corruption |
| 11:22 | Potion of Healing |
| 11:25 | Necromancer |
| 11:51 | Necromancer |
| 11:54 | Exhume Corpses |
| 11:55 | Meat Wagon |
| 11:56 | Ghoul |
| 11:56 | Ghoul |
| 13:28 | Ziggurat |
| 13:29 | Ziggurat |
| 13:30 | Ziggurat |
| 13:31 | Ziggurat |
| 13:34 | Skeletal Mastery |
| 13:35 | Necromancer |
| 13:39 | Crypt Fiend |
| 13:42 | Crypt |
| 14:12 | Ghoul |
| 14:12 | Ghoul |
| Right click | 864 |
| Select | 265 |
| Assign group | 211 |
| Select group | 107 |
| Build/train/purchase | 53 |
| Misc. action | 43 |
| Use ability | 36 |
| Chat | 21 |
| Item give/drop | 1 |
| Esc | 1 |

| Peon | 6 | 450 | / | 0 |
| Troll Headhunter | 8 | 1120 | / | 160 |
| Grunt | 4 | 800 | / | 0 |
| Kodo Beast | 1 | 255 | / | 60 |
| Demolisher | 4 | 880 | / | 200 |
| Forest Troll Shadow Priest | 1 | 195 | / | 10 |
| Forest Troll Berserker | 1 | 245 | / | 30 |
| Mud Golem | 1 | 145 | / | 10 |
| Ogre Mauler | 1 | 300 | / | 0 |
| Necromancer | 10 | 1450 | / | 200 |
| Crypt Fiend | 3 | 645 | / | 120 |
| Meat Wagon | 2 | 460 | / | 100 |
| Obsidian Statue | 1 | 200 | / | 35 |
| Abomination | 3 | 720 | / | 210 |
| Hippogryph | 2 | 320 | / | 40 |
| Dryad | 3 | 435 | / | 180 |
| Druid of the Talon | 1 | 145 | / | 20 |
| Glaive Thrower | 1 | 210 | / | 65 |
| total: | 53 | 8975g | / | 1440w |
| Watch Tower | 1 | 110 | / | 80 |
| Altar of Storms | 1 | 180 | / | 50 |
| Barracks | 1 | 180 | / | 50 |
| Orc Burrow | 8 | 1280 | / | 320 |
| War Mill | 1 | 205 | / | 0 |
| Voodoo Lounge | 1 | 130 | / | 30 |
| Beastiary | 1 | 145 | / | 140 |
| Tauren Totem | 1 | 135 | / | 155 |
| Spirit Lodge | 1 | 150 | / | 150 |
| Stronghold | 1 | 315 | / | 190 |
| Fortress | 1 | 325 | / | 190 |
| Spirit Tower | 6 | 870 | / | 240 |
| Nerubian Tower | 1 | 100 | / | 20 |
| Moon Well | 1 | 180 | / | 40 |
| Ziggurat | 15 | 2250 | / | 750 |
| Altar of Darkness | 3 | 540 | / | 150 |
| total: | 35 | 5485g | / | 1915w |
| 0:09 | Peon |
| 0:09 | Peon |
| 0:11 | Peon |
| 0:16 | Altar of Storms |
| 0:24 | Barracks |
| 0:49 | Orc Burrow |
| 1:14 | Peon |
| 1:15 | Peon |
| 2:04 | Orc Burrow |
| 2:15 | Peon |
| 2:31 | War Mill |
| 3:09 | Feral Spirit |
| 3:58 | Troll Headhunter |
| 3:59 | Troll Headhunter |
| 4:00 | Troll Headhunter |
| 4:01 | Stronghold |
| 4:11 | Voodoo Lounge |
| 4:37 | Watch Tower |
| 4:46 | Troll Headhunter |
| 4:48 | Troll Headhunter |
| 5:27 | Orc Burrow |
| 5:43 | Grunt |
| 5:43 | Grunt |
| 5:49 | Orc Burrow |
| 6:53 | Beastiary |
| 7:03 | Chain Lighting |
| 7:27 | Grunt |
| 7:27 | Grunt |
| 7:28 | Troll Headhunter |
| 7:29 | Troll Regeneration |
| 8:24 | Troll Headhunter |
| 8:38 | Kodo Beast |
| 8:46 | Troll Headhunter |
| 8:55 | Tauren Totem |
| 10:03 | Steel Ranged Weapons |
| 10:04 | Steel Armor |
| 10:21 | Demolisher |
| 10:21 | Demolisher |
| 11:15 | Orc Burrow |
| 11:25 | Orc Burrow |
| 11:30 | Forest Troll Shadow Priest |
| 11:45 | Orc Burrow |
| 12:25 | Feral Spirit |
| 12:37 | Forest Troll Berserker |
| 12:38 | Mud Golem |
| 12:39 | Ogre Mauler |
| 12:44 | Fortress |
| 13:08 | Demolisher |
| 13:15 | Demolisher |
| 14:12 | Spirit Lodge |
| 15:14 | Necromancer |
| 15:14 | Necromancer |
| 15:14 | Necromancer |
| 15:32 | Crypt Fiend |
| 15:33 | Web |
| 15:35 | Necromancer |
| 15:35 | Necromancer |
| 15:42 | Meat Wagon |
| 15:42 | Meat Wagon |
| 15:44 | Obsidian Statue |
| 15:46 | Abomination |
| 17:04 | Orc Burrow |
| 17:16 | Hippogryph |
| 17:17 | Hippogryph |
| 17:24 | Dryad |
| 17:26 | Dryad |
| 17:32 | Moon Well |
| 19:07 | Dryad |
| 19:13 | Druid of the Talon |
| 19:34 | Glaive Thrower |
| 20:18 | Spirit Tower |
| 20:29 | Ziggurat |
| 20:35 | Ziggurat |
| 20:37 | Ziggurat |
| 20:40 | Ziggurat |
| 20:43 | Ziggurat |
| 20:45 | Ziggurat |
| 20:48 | Ziggurat |
| 21:07 | Ziggurat |
| 21:10 | Necromancer |
| 21:15 | Necromancer |
| 21:20 | Abomination |
| 21:20 | Abomination |
| 21:21 | Disease Cloud |
| 21:30 | Crypt Fiend |
| 21:39 | Ziggurat |
| 21:43 | Spirit Tower |
| 22:40 | Spirit Tower |
| 22:48 | Ziggurat |
| 23:34 | Necromancer |
| 23:34 | Necromancer |
| 23:36 | Necromancer |
| 23:41 | Crypt Fiend |
| 24:13 | Ziggurat |
| 24:15 | Ziggurat |
| 24:28 | Altar of Darkness |
| 24:30 | Altar of Darkness |
| 24:33 | Ziggurat |
| 24:53 | Altar of Darkness |
| 24:57 | Ziggurat |
| 24:59 | Ziggurat |
| 25:12 | Spirit Tower |
| 25:28 | Spirit Tower |
| 25:30 | Spirit Tower |
| 25:55 | Nerubian Tower |
| Select | 289 |
| Right click | 205 |
| Select group | 111 |
| Build/train/purchase | 99 |
| Misc. action | 63 |
| Resource trade | 22 |
| Assign group | 13 |
| Use ability | 10 |
| Esc | 3 |
| Remove unit | 2 |
| Minimap ping | 1 |